 Dungeon Sprint DCSS version 0.31-a0-983-g7b6862f502 (webtiles) character file.

Game seed: 15576977026900619288

91 rocky1 the Trooper (level 4, -14/32 HPs)
             Began as a Gargoyle Berserker on Nov 3, 2023.
             Was a Believer of Trog.
             Killed from afar by an oklob sapling (20 damage)
             ... with a splash of acid
             ... in the Dungeon (Sprint IV: "Fedhas' Mad Dash").
             The game lasted 00:00:55 (686 turns).

rocky1 the Trooper (Gargoyle Berserker)              Turns: 686, Time: 00:00:55

Health: -14/32     AC:  5    Str: 23    XL:     4   Next: 59%
Magic:  4/4        EV: 12    Int:  7    God:    Trog [**....]
Gold:   67         SH:  0    Dex:  9    Spells: 3/3 levels left

rFire   . . .        a - +0 mace
rCold   . . .        (no shield)
rNeg    + . .        b - +0 animal skin
rPois   ∞            (no helmet)
rElec   +            (no cloak)
rCorr   .            (no gloves)
SInv    .            (no boots)
Will    .....        i - amulet of invisibility {+Inv}
Stlth   ++           (no ring)
HPRegen 0.25/turn    (no ring)
MPRegen 0.09/turn

%: no teleportation
@: no status effects
A: sickness immunity, AC +3, negative energy resistance 1, electricity
resistance, torment resistance 1, petrification resistance
a: Renounce Religion, Evoke Invisibility, Berserk, Trog's Hand


You were in the Dungeon.
You worshipped Trog.
Trog was pleased with you.
You visited 1 branch You collected 67 gold pieces.

Inventory:

Hand Weapons
 a - a +0 mace (weapon)
Armour
 b - a +0 animal skin (worn)
Jewellery
 i - the amulet of invisibility (around neck) {+Inv}
   (You found it in the Dungeon)

   [amulet of nothing]

   +Inv:      It lets you turn invisible.
Scrolls
 h - a scroll of blinking
Potions
 c - a potion of curing
 d - a potion of mutation {unknown}
 e - a potion of haste
 f - 2 potions of magic
 g - a potion of berserk rage


   Skills:
 + Level 6.4 Fighting
 + Level 5.9 Maces & Flails
 + Level 3.3 Armour
 + Level 2.5 Dodging
 * Level 3.6 Stealth


You had 3 spell levels left.
You didn't know any spells.
Your spell library was empty.

Dungeon Overview and Level Annotations

Branches:
Dungeon (1/1)

Altars:

Annotations:
D exclusion: oklob sapling


Innate Abilities, Weirdness & Mutations

You are immune to sickness and miasma.
Your stone body is resilient. (AC +3)
You are immune to poison.
You resist negative energy. (rN+)
You are resistant to electric shocks. (rElec)
You are resistant to unholy torment.
You are immune to petrification.


Message History

You start waiting.
You recover from your berserk rage.
You start waiting.
Done waiting.
You now have 12 gold pieces.
You now have 25 gold pieces (gained 13).
You now have 39 gold pieces (gained 14).
You now have 54 gold pieces (gained 15).
You now have 67 gold pieces (gained 13).
Things that are here:
a +0 long sword; a scorpion corpse
i - the amulet of invisibility {+Inv} You start putting on your amulet.
You continue putting on the amulet of invisibility {+Inv}. x5
You finish putting on the amulet of invisibility {+Inv}.
i - the amulet of invisibility (around neck) {+Inv} You start waiting.
Done waiting.
You start waiting.
Done waiting.
You open the door.
An oklob sapling comes into view.
Marking area around an oklob sapling as unsafe for travelling.
Found 20 gold pieces.
There is an open door here.
The helpless oklob sapling fails to defend itself.
You hit the oklob sapling.
The oklob sapling is severely damaged.
The oklob sapling spits acid at you. The splash of acid hits you!!
Ouch! That really hurt!
* * * LOW HITPOINT WARNING * * *
You hit the oklob sapling but do no damage.
The oklob sapling is severely damaged.
You hit the oklob sapling but do no damage.
The oklob sapling is severely damaged.
The oklob sapling spits acid at you. The splash of acid hits you!!
Ouch! That really hurt!
You die...

##################
#<..P#.....#.....#
#PP..÷.....'.#)..+
#PPPP#.....#.#...#
###############'##
+.@.# #$P$# #####


You could see an oklob sapling.

Vanquished Creatures
  A scorpion (D)
  An oklob sapling (D)
  A river rat (D)
  A rat (D)
4 creatures vanquished.

Notes
Turn   | Place    | Note
-------+----------+-------------------------------------------
     0 | D        | rocky1 the Gargoyle Berserker began the quest for the Orb.
     0 | D        | Reached XP level 1. HP: 14/14 MP: 1/1
    16 | D        | Reached skill level 4 in Fighting
    16 | D        | Reached XP level 2. HP: 20/20 MP: 2/2
    62 | D        | Noticed an oklob sapling
    65 | D        | Killed an oklob sapling
    65 | D        | Reached ** piety under Trog
    66 | D        | Reached skill level 5 in Fighting
    66 | D        | Reached XP level 3. HP: 26/26 MP: 3/3
   298 | D        | Noticed a scorpion
   298 | D        | Found the amulet of invisibility {+Inv}
   308 | D        | Killed a scorpion
   309 | D        | Reached skill level 6 in Fighting
   309 | D        | Reached skill level 5 in Maces & Flails
   309 | D        | Reached XP level 4. HP: 28/32 MP: 4/4
   686 | D        | Killed from afar by an oklob sapling

Illustrated notes

Levels and vault maps discovered:
D:        dungeon_sprint_fedhas [sprint_temple]

Skill      XL: |  1  2  3 |
---------------+----------+-----
Fighting       | 4 5 6 |  6.4
Maces & Flails | 4 5 |  5.9
Dodging        | 2 |  2.5
Stealth        | 2 3 |  3.6
Armour         | 3 |  3.3

Action                     |  1- 3 |  4- 6 || total
---------------------------+-------+-------++-------
  Melee: Mace              |    19 |     3 ||    22
         Punch             |     1 |       ||     1
 Invoke: Berserk           |     3 |       ||     3
    Use: Potion            |     1 |       ||     1
   Stab: Sleeping          |       |     1 ||     1
 Armour: Animal skin       |    10 |     2 ||    12
  Dodge: Dodged            |    10 |       ||    10

Table legend: (Time is in decaauts)
 A = Elapsed time spent in this place.
 B = Non-inter-level travel time spent in this place.
 C = Inter-level travel time spent in this place.
 D = Time resting spent in this place.
 E = Time spent auto-exploring this place.
 F = Levels seen in this place.
 G = Mean time per level.
                   A        B        C        D        E       F      G
               +--------+--------+--------+--------+--------+-----+--------+
         Total |    718 |    718 |      0 |    642 |      0 |   1 |  718.0 |
       Dungeon |    718 |    718 |      0 |    642 |      0 |   1 |  718.0 |
               +--------+--------+--------+--------+--------+-----+--------+

Top non-repeatable levels by time:
       D: 718 daAuts
